 Dungeon Crawl Stone Soup version 0.29.1-12-g30fa7ad0bf (webtiles) character file.

Game seed: 18305311271431213811

564 sillycutie the Cleaver (level 7, -4/58 HPs)
             Began as a Minotaur Berserker on Jan 10, 2023.
             Was a Believer of Trog.
             Slain by an orc warrior
             ... wielding a +2 scimitar of holy wrath
              (20 damage)
             ... on level 6 of the Dungeon.
             The game lasted 00:29:23 (3935 turns).

sillycutie the Cleaver (Minotaur Berserker)         Turns: 3935, Time: 00:29:24

Health: -4/58      AC:  7    Str: 24    XL:     7   Next: 10%
Magic:  6/6        EV: 10    Int:  4    God:    Trog [**....]
Gold:   149        SH:  0    Dex:  9    Spells: 6/6 levels left

rFire   . . .      SeeInvis .   a - +0 hand axe
rCold   . . .      Faith    .   (no shield)
rNeg    . . .      Spirit   .   g - +0 scale mail
rPois   .          Reflect  .   (helmet restricted)
rElec   .          Harm     .   (no cloak)
rCorr   .          Rampage  .   n - +0 pair of gloves
Will    ++...                   (no boots)
Stlth   ..........              (no amulet)
HPRegen 1.19/turn               (no ring)
MPRegen 0.10/turn               (no ring)

@: strong-willed (expiring), on berserk cooldown, regenerating (expiring)
A: horns 2, retaliatory headbutt
a: Renounce Religion, Berserk, Trog's Hand


You were on level 6 of the Dungeon.
You worshipped Trog.
Trog was pleased with you.
You visited 1 branch of the dungeon, and saw 5 of its levels.

You collected 291 gold pieces.
You spent 142 gold pieces at shops.

Inventory:

Hand Weapons
 a - a +0 hand axe (weapon)
Armour
 g - a +0 scale mail (worn)
 n - a +0 pair of gloves (worn)
Scrolls
 c - a scroll of teleportation {unknown}
 e - a scroll of enchant armour {unknown}
 h - a scroll of fear {unknown}
 i - a scroll of vulnerability
 j - a scroll of poison {unknown}
 k - 2 scrolls of magic mapping {unknown}
 p - 2 scrolls of enchant weapon {unknown}
 r - a scroll of identify
Potions
 d - 2 potions of cancellation
 f - a potion of brilliance {unknown}
 l - 3 potions of lignification {unknown}
 m - 2 potions of flight {unknown}
 q - a potion of heal wounds {unknown}


   Skills:
 - Level 3.8 Fighting
 + Level 9.5 Axes
 - Level 2.8 Armour
 - Level 2.4 Dodging


You had 6 spell levels left.
You didn't know any spells.
Your spell library was empty.

Dungeon Overview and Level Annotations

Branches:
Dungeon (4/15)
 Temple: D:4-7

Altars:
Hepliaklqana
Kikubaaqudgha
Qazlal
Sif Muna
Yredelemnul

Shops:
D:3 *


Innate Abilities, Weirdness & Mutations

You have a pair of horns on your head.
You reflexively headbutt those who attack you in melee.


Message History

The orc priest is lightly wounded.
The orc priest misses you.
You slash the orc priest! Your headbutt misses the orc priest.
The orc priest is heavily wounded.
The orc priest invokes the aid of Beogh against you.
Beogh smites you!
You barely miss the orc warrior.
You feel yourself speed up.
The orc warrior hits you with a +2 scimitar of holy wrath!
You closely miss the orc warrior. Your headbutt misses the orc warrior.
The orc warrior barely misses you.
You closely miss the orc warrior.
You headbutt the orc warrior, but do no damage.
The orc warrior closely misses you.
You hit the orc warrior.
The orc warrior is lightly wounded.
You hit the orc warrior but do no damage.
You headbutt the orc warrior.
The orc warrior is lightly wounded.
You feel the effects of Trog's Hand fading.
The orc priest begins to cast a cantrip, but forgets the words!
The orc warrior barely misses you. You furiously retaliate!
You headbutt the orc warrior, but do no damage.
You hit the orc warrior.
You headbutt the orc warrior, but do no damage.
The orc warrior is moderately wounded.
The orc warrior hits you with a +2 scimitar of holy wrath!
You closely miss the orc warrior.
The orc warrior is moderately wounded.
The orc warrior hits you with a +2 scimitar of holy wrath!
You are too injured to fight recklessly!
You barely miss the orc warrior.
The orc warrior is moderately wounded.
The orc warrior hits you with a +2 scimitar of holy wrath!
* * * LOW HITPOINT WARNING * * *
You closely miss the orc warrior.
You headbutt the orc warrior, but do no damage.
The orc warrior is moderately wounded.
The orc warrior hits you with a +2 scimitar of holy wrath!!
You die...

..
#....#...#######
.##
....#.##..#.# #
.........####
....###.## . .#
#.## #..# .
##.######.
....####!.......
...ohoo@........
..#######.......
#######


You could see an orc warrior, a hound, an orc priest and an orc.

Vanquished Creatures
  Eustachio (D:4)
  A sky beast (D:6)
  2 scorpions
  An orc priest (D:2)
  An orc wizard (D:2)
  6 adders
  A gnoll (D:1)
  3 worms
  A dart slug (D:2)
  3 orcs (D:2)
  7 bats
  10 endoplasms
  3 giant cockroaches
  4 goblins
  10 hobgoblins
  6 jackals
  14 kobolds
  2 quokkas
  5 ball pythons
  2 frilled lizards (D:2)
  6 rats
89 creatures vanquished.

Vanquished Creatures (others)
  A fungus (D:1)
  A plant (D:1)
2 creatures vanquished.

Grand Total: 91 creatures vanquished

Notes
Turn   | Place    | Note
-------+----------+-------------------------------------------
     0 | D:1      | sillycutie the Minotaur Berserker began the quest for the
                  | Orb.
     0 | D:1      | Reached XP level 1. HP: 19/19 MP: 0/0
   419 | D:1      | Reached XP level 2. HP: 23/27 MP: 1/1
   524 | D:1      | Found a faded altar of an unknown god.
   537 | D:1      | Reached skill level 4 in Axes
   814 | D:1      | Reached XP level 3. HP: 33/33 MP: 2/2
  1174 | D:2      | Found an ancient bone altar of Kikubaaqudgha.
  1272 | D:2      | Reached skill level 5 in Axes
  1331 | D:2      | Reached ** piety under Trog
  1448 | D:2      | Reached XP level 4. HP: 40/40 MP: 3/3
  2000 | D:2      | Reached skill level 6 in Axes
  2003 | D:2      | Reached XP level 5. HP: 30/46 MP: 4/4
  2289 | D:3      | Found a shimmering blue altar of Sif Muna.
  2467 | D:3      | Found Dutaess's Assorted Antiques.
  2627 | D:3      | Bought a pair of gloves for 85 gold pieces
  2627 | D:3      | Bought a scroll labelled IBO RADAUZXATT for 19 gold pieces
  2627 | D:3      | Bought a scroll labelled IBO RADAUZXATT for 19 gold pieces
  2627 | D:3      | Bought a scroll labelled UCSOWULAI for 19 gold pieces
  2707 | D:3      | Found a stormy altar of Qazlal.
  2886 | D:3      | Reached skill level 7 in Axes
  2943 | D:3      | Found a basalt altar of Yredelemnul.
  3250 | D:4      | Found a hazy altar of Hepliaklqana.
  3485 | D:4      | Noticed Eustachio
  3528 | D:4      | Killed Eustachio
  3529 | D:4      | Reached skill level 8 in Axes
  3529 | D:4      | Reached XP level 6. HP: 43/52 MP: 5/5
  3740 | D:4      | You fall into a shaft and drop 2 floors!
  3807 | D:6      | Noticed a sky beast
  3813 | D:6      | Killed a sky beast
  3814 | D:6      | Reached skill level 9 in Axes
  3859 | D:6      | Reached XP level 7. HP: 58/58 MP: 6/6
  3935 | D:6      | Slain by an orc warrior

Illustrated notes

Levels and vault maps discovered:
D:1:      minmay_arrival_jagged, layout_rooms,
          shapermc_ecumenical_altar_mp_ritualfount, serial_park_tiny_2
D:2:      layout_rooms, basic_altar, kennysheep_generic_room_13
D:3:      layout_loops_ring, nicolae_sif_muna_condensation,
          mainiacjoe_overflow_chevrons, amcnicky_altar_gilded, serial_shops,
          nicolae_diamond_shop, minivault_24
D:4:      layout_loops_ring, lemuel_round_altar, uniq_pikel, uniq_ijyb,
          uniq_eustachio
D:6:      cheibrodos_thug_alley, layout_rooms, mainiacjoe_overflow_paths,
          nicolae_overflow_squiral, uniq_edmund, uniq_grinder

Skill      XL: |  1  2  3  4  5  6 |
---------------+-------------------+-----
Axes           | 4 5 6 8 9 |  9.5
Fighting       | |  3.8
Armour         | |  2.8
Dodging        | |  2.4

Action                   |  1- 3 |  4- 6 |  7- 9 || total
-------------------------+-------+-------+-------++-------
Melee: Hand axe          |    75 |   102 |    27 ||   204
       Headbutt          |    13 |    15 |     5 ||    33
       Punch             |       |     2 |       ||     2
Invok: Trog's Hand       |       |     6 |     2 ||     8
       Berserk           |       |     5 |     1 ||     6
  Use: Scroll            |       |     5 |       ||     5
       Potion            |       |     4 |       ||     4
Armor: Animal skin       |     2 |       |       ||     2
       Scale mail        |    21 |    55 |     8 ||    84
Dodge: Dodged            |    51 |    70 |     7 ||   128
